 Dungeon Crawl Stone Soup version 0.24.0-37-gcf1ca852f1 (webtiles) character file.

Game seed: 16161601769041205012, levelgen mode: deterministic

95408 Iamsoldier the Fighter (level 15, -6/127 HPs)
             Began as a Demonspawn Berserker on Dec 6, 2019.
             Was the Champion of Trog.
             Killed from afar by a Hell Sentinel (47 damage)
             ... with damnation
             ... on level 3 of the Abyss.
             The game lasted 01:11:10 (27278 turns).

Iamsoldier the Fighter (Demonspawn Berserker)      Turns: 27278, Time: 01:11:11

Health: -6/127     AC: 31    Str: 17    XL:     15   Next: 66%
Magic:  20/20      EV: 13    Int:  9    God:    Trog [******]
Gold:   810        SH: 12    Dex: 19    Spells: 14/14 levels left

rFire    + . .     SeeInvis .     - Unarmed
rCold    + + +     Gourm    .   J - +1 buckler {reflect}
rNeg     . . .     Faith    .   I - +0 crystal plate armour
rPois    +         Spirit   .   t - +2 hat
rElec    +         Reflect  +   P - +2 cloak
rCorr    .         Harm     .   (gloves unavailable)
MR       +....                  j - +0 pair of boots
Stlth    ..........             u - +5 amulet of reflection
HPRegen  0.31/turn              N - +2 ring of dexterity
MPRegen  0.17/turn              K - ring of Seudoeku {rElec rPois rC+++ EV+5 Str-4}

@: about to teleport
A: claws 3, yellow scales 2, agile 1, fire resistance 1, nightstalker 1, powered
by death 2, screaming 1
a: Berserk, Trog's Hand, Brothers in Arms, Renounce Religion


You were on level 3 of the Abyss.
You worshipped Trog.
Trog was exalted by your worship.
You were not hungry.

You visited 4 branches of the dungeon, and saw 24 of its levels.
You visited the Abyss 1 time.
You also visited: Sewer, Bailey and Ice Cave.

You collected 3222 gold pieces.
You spent 2412 gold pieces at shops.

Inventory:

Armour
 j - a +0 pair of boots (worn)
 t - a +2 hat (worn)
 I - a +0 crystal plate armour (worn)
 J - a +1 buckler of reflection (worn)
 P - a +2 cloak (worn)
Jewellery
 u - a +5 amulet of reflection (around neck)
 v - an uncursed ring of resist corrosion
 K - the ring of Seudoeku (right claw) {rElec rPois rC+++ EV+5 Str-4}
   (You found it on level 1 of the Lair of Beasts)

   [ring of evasion]

   It affects your evasion (+5).
   It affects your strength (-4).
   It renders you almost immune to cold.
   It insulates you from electricity.
   It protects you from poison.
 N - a +2 ring of dexterity (left claw)
 Q - an uncursed ring of protection from fire
 T - an uncursed ring of see invisible {unknown}
Wands
 f - a wand of scattershot (12)
 h - a wand of digging (5)
 k - a wand of polymorph (9)
 z - a wand of enslavement (5)
 A - a wand of paralysis (28)
 B - a wand of iceblast (31)
 D - a wand of disintegration (6)
 M - a wand of acid (3)
 R - a wand of flame (12)
Scrolls
 e - 2 scrolls of fog
 g - 4 scrolls of teleportation
 l - 10 scrolls of remove curse
 n - 4 scrolls of immolation
 r - 14 scrolls of identify
 x - 3 scrolls of enchant armour
 y - 4 scrolls of enchant weapon
 C - a scroll of fear
 F - a scroll of magic mapping
 L - 2 scrolls of brand weapon
 S - a scroll of silence {unknown}
Potions
 a - 19 potions of curing
 c - 4 potions of lignification
 i - 3 potions of invisibility
 m - 2 potions of berserk rage
 o - a potion of cancellation
 p - 8 potions of agility
 q - 11 potions of brilliance
 s - 2 potions of heal wounds
 w - 3 potions of flight
 E - 4 potions of haste
 G - 2 potions of ambrosia
 H - 3 potions of might
 O - 3 potions of resistance
Miscellaneous
 b - a phial of floods
Comestibles
 d - 51 rations


   Skills:
 * Level 14.4 Fighting
 + Level 11.8 Armour
 + Level 11.8 Dodging
 - Level 4.0 Shields
 * Level 13.4 Unarmed Combat
 - Level 7.0 Evocations


You had 14 spell levels left.
You didn't know any spells.
Your spell library was empty.

Dungeon Overview and Level Annotations

Branches:
Dungeon (15/15)            Temple (1/1) D:7            Lair (6/6) D:8
 Shoals (0/4) Lair:3       Spider (0/4) Lair:3        Slime (0/5) Lair:5
    Orc (2/2) D:10            Elf (0/3) Orc:2        Vaults (0/5) D:14
  Sewer (visited)          Bailey (visited)           IceCv (visited)
 Depths: D:15

Altars:
Ashenzari
Cheibriados
Dithmenos
Elyvilon
Fedhas
Gozag
Hepliaklqana
Kikubaaqudgha
Makhleb
Nemelex Xobeh
Okawaru
Qazlal
Ru
Sif Muna
Trog
Uskayaw
Vehumet
Wu Jian
Xom
Yredelemnul
Zin
The Shining One
Beogh
Jiyva

Shops:
D:6 !   D:7 [   D:13 !   D:14 !   Orc:2 :[%*

Annotations:
D:15 Louise


Innate Abilities, Weirdness & Mutations

You have claws for hands.
You are mostly covered in yellow scales. (AC +3)
You are slightly more attuned to the shadows.
You regenerate health from kills.
You are agile. (Dex +2)
Your flesh is heat resistant. (rF+)
You occasionally shout uncontrollably at your foes.


Message History

The Hell Sentinel completely misses you.
You mangle the lurking horror!!
The lurking horror explodes!
Your body is wracked with pain!
* * * LOW HITPOINT WARNING * * *
You scratch the Hell Sentinel but do no damage.
The Hell Sentinel is moderately wounded.
The Hell Sentinel gestures at you.
The sphere of damnation explodes!
The damnation engulfs you!!
* * * LOW HITPOINT WARNING * * *
The damnation engulfs the Hell Sentinel.
The Hell Sentinel completely resists.
The ynoxinul gestures.
A neqoxec comes into view.
You shout at the neqoxec!
You hear a shout!
You feel much better. The Hell Sentinel gestures at you.
The sphere of damnation explodes!
The damnation engulfs you!!!
You die...

. # .# .
.# #. # .
. .. #..#
#.. ... .
..#.. .
.#.# # #
. #35# ..
. ###
##1###.#
#..
#@....# .
#...
###3#...#
# # . .#
# # #
....
..##..# #
. .# #.
.. .# # #
# . ..#x
. #. ##.
# # . #
.. #. #.
.. #


You could see a Hell Sentinel, a neqoxec, a ynoxinul and an ufetubus.

Vanquished Creatures
  A bone dragon (Abyss:3)
  Jorgrun (D:15)
  An orc warlord (Orc:2)
  Josephine (Orc:2)
  Erolcha (D:10)
  4 hydras
  A vault guard (D:14)
  5 centaur warriors
  A death knight (D:14)
  11 two-headed ogres
  4 orc high priests (Orc:2)
  A thrashing horror (Abyss:3)
  Urug (Lair:3)
  5 skeletal warriors
  An unseen horror (D:10)
  3 wizards (D:14)
  5 orc knights (Orc:2)
  2 necromancers
  A deep elf mage (D:14)
  4 orc sorcerers (Orc:2)
  5 ugly things
  2 manticores
  A wolf spider (D:15)
  An ice statue (IceCv)
  2 centaur zombies (D:14)
  2 black mambas
  3 gargoyles
  Joseph (D:8)
  25 spiny frogs
  A rime drake (Lair:6)
  11 freezing wraiths
  9 komodo dragons
  A demonic crawler (Lair:3)
  A yaktaur (D:14)
  A kobold demonologist (D:13)
  2 efreet
  An ice devil (Abyss:3)
  A queen bee (Lair:2)
  5 trolls
  5 tyrant leeches (Lair:6)
  2 polar bears
  A raiju (Abyss:3)
  13 blink frogs (Lair:6)
  A wolf spider simulacrum (IceCv)
  Prince Ribbit (D:7)
  6 hippogriffs
  6 slime creatures
  A meliai zombie (D:14)
  A spriggan (D:7)
  6 wraiths
  Sigmund (D:2)
  3 wyverns
  25 yaks
  A steam dragon (Lair:6)
  20 humans (D:14)
  2 hungry ghosts
  Grum (D:8)
  A small abomination (Abyss:3)
  11 vampire mosquitoes
  A chaos spawn (Abyss:3)
  A death yak simulacrum (IceCv)
  4 wargs
  2 soldier ants (D:12)
  7 water moccasins
  8 porcupines
  48 orc warriors
  3 swamp drakes (Lair:6)
  3 sky beasts
  13 ice beasts
  14 ogres
  2 phantoms (D:11)
  2 black bears
  8 wolves
  19 centaurs
  7 crocodiles
  4 big kobolds
  25 bullfrogs
  9 gnoll sergeants
  A wyvern skeleton (D:14)
  26 killer bees
  7 scorpions
  A water moccasin skeleton (D:6)
  An elephant simulacrum (IceCv)
  7 wights
  2 electric eels (Lair:2)
  5 howler monkeys
  6 crimson imps
  2 lava snakes (Lair:2)
  6 jellies
  5 draconian simulacra (IceCv)
  6 hounds
  2 quasits
  31 orc priests
  6 gnoll shamans (Bailey)
  3 bullfrog skeletons
  5 centaur skeletons
  8 iguanas
  14 worker ants
  26 orc wizards
  4 troll simulacra (IceCv)
  3 spriggan simulacra (IceCv)
  A wolf simulacrum (IceCv)
  3 centaur simulacra (IceCv)
  2 hound skeletons
  A howler monkey skeleton (D:4)
  A howler monkey zombie (D:11)
  17 gnolls
  21 adders
  4 naga simulacra (IceCv)
  An ogre simulacrum (IceCv)
  6 river rats (Sewer)
  3 shadow imps
  13 white imps
  An ooze (D:1)
  An adder skeleton (D:5)
  7 worms
  5 dart slugs
  5 leopard geckos
  138 orcs
  7 bats
  2 giant cockroaches
  11 goblins
  7 hobgoblins
  10 jackals
  27 kobolds
  A quokka (D:4)
  14 ball pythons
  6 frilled lizards
  A giant cockroach zombie (D:6)
  3 goblin zombies (D:6)
  A hobgoblin zombie (D:6)
  3 orc skeletons (D:6)
  A quokka zombie (D:8)
  25 rats
  A lurking horror (Abyss:3)
944 creatures vanquished.

Vanquished Creatures (others)
  An orc warrior (Orc:2)
  A centaur (D:10)
  3 fungi
  23 plants (Lair:6)
28 creatures vanquished.

Grand Total: 972 creatures vanquished

Notes
Turn   | Place    | Note
-------+----------+-------------------------------------------
     0 | D:1      | Iamsoldier the Demonspawn Berserker began the quest for the
                  | Orb.
     0 | D:1      | Reached XP level 1. HP: 18/18 MP: 1/1
   361 | D:1      | Gained mutation: You have sharp fingernails. [demonic
                  | ancestry]
   361 | D:1      | Reached XP level 2. HP: 22/24 MP: 2/2
   885 | D:1      | Gained mutation: You are partially covered in yellow
                  | scales. (AC +2) [demonic ancestry]
   885 | D:1      | Reached XP level 3. HP: 29/29 MP: 3/3
  1092 | D:2      | Noticed Sigmund
  1166 | D:2      | Reached ** piety under Trog
  1590 | D:2      | Gained mutation: You have very sharp fingernails. [demonic
                  | ancestry]
  1590 | D:2      | Reached XP level 4. HP: 20/37 MP: 4/4
  1847 | D:2      | HP: 1/37 [something/puff of flame (7)]
  1853 | D:2      | You fall into a shaft and drop 1 floor!
  2158 | D:3      | Found a sacrificial altar of Ru.
  2192 | D:2      | Killed Sigmund
  2192 | D:2      | Reached skill level 4 in Fighting
  2192 | D:2      | Gained mutation: You regenerate a little health from kills.
                  | [demonic ancestry]
  2192 | D:2      | Reached XP level 5. HP: 43/43 MP: 5/5
  2529 | D:3      | Reached XP level 6. HP: 49/49 MP: 6/6
  2864 | D:3      | Reached *** piety under Trog
  3035 | D:4      | Reached skill level 5 in Fighting
  3193 | D:4      | Gained mutation: You are slightly more attuned to the
                  | shadows. [demonic ancestry]
  3193 | D:4      | Reached XP level 7. HP: 56/56 MP: 7/7
  3903 | D:5      | Entered Level 5 of the Dungeon
  3909 | D:5      | Reached skill level 5 in Unarmed Combat
  4202 | D:5      | Reached skill level 6 in Fighting
  4241 | D:5      | Reached XP level 8. HP: 64/64 MP: 8/8
  4278 | D:5      | Noticed a troll
  4289 | D:5      | Killed a troll
  4558 | D:5      | Reached **** piety under Trog
  4802 | D:6      | Found a glowing drain.
  4819 | Sewer    | Entered a sewer
  5274 | Sewer    | Reached skill level 7 in Fighting
  5586 | D:6      | Reached ***** piety under Trog
  5594 | D:6      | Found a glowing golden altar of the Shining One.
  5612 | D:6      | Found Ewehe's Distillery.
  5622 | D:6      | Bought a potion of curing for 36 gold pieces
  5622 | D:6      | Bought a potion of heal wounds for 60 gold pieces
  5622 | D:6      | Bought a potion of agility for 48 gold pieces
  5622 | D:6      | Bought a potion of curing for 36 gold pieces
  5727 | D:6      | Found a stormy altar of Qazlal.
  5727 | D:6      | Found a shimmering altar of Xom.
  5729 | D:6      | Found an iron altar of Okawaru.
  5740 | D:6      | Found a radiant altar of Vehumet.
  5740 | D:6      | Found a bloodstained altar of Trog.
  5741 | D:6      | Found an ornate altar of the Wu Jian Council.
  6196 | D:7      | Reached XP level 9. HP: 72/72 MP: 9/9
  6370 | D:7      | Noticed Prince Ribbit
  6495 | D:7      | Found Cymull's Armour Emporium.
  6552 | D:7      | Found a staircase to the Ecumenical Temple.
  6561 | Temple   | Entered the Ecumenical Temple
  6602 | D:7      | Found an opulent altar of Gozag.
  7042 | D:7      | Killed Prince Ribbit
  7042 | D:7      | Reached skill level 5 in Dodging
  7211 | D:7      | Reached skill level 8 in Fighting
  7211 | D:7      | Reached skill level 5 in Armour
  7269 | D:8      | Noticed Joseph
  7280 | D:8      | Killed Joseph
  7371 | D:8      | Noticed a two-headed ogre
  7387 | D:8      | Killed a two-headed ogre
  7397 | D:8      | Received a gift from Trog
  7509 | D:8      | Gained mutation: You have claws for hands. [demonic
                  | ancestry]
  7509 | D:8      | Reached XP level 10. HP: 82/82 MP: 10/10
  7559 | D:8      | Reached skill level 9 in Fighting
  7669 | D:8      | Found a shadowy altar of Dithmenos.
  7749 | D:8      | Found a sparkling altar of Nemelex Xobeh.
  7828 | D:8      | Reached skill level 1 in Shields
  7964 | D:8      | Noticed Grum
  7992 | D:8      | Received a gift from Trog
  8046 | D:8      | Killed Grum
  8350 | D:8      | Found a staircase to the Lair.
  8615 | D:9      | Noticed a two-headed ogre
  8628 | D:9      | Killed a two-headed ogre
  9188 | D:9      | Reached skill level 10 in Fighting
  9703 | D:9      | Found a burning altar of Makhleb.
  9707 | D:9      | Reached XP level 11. HP: 90/90 MP: 11/11
  9871 | D:10     | Entered Level 10 of the Dungeon
  9878 | D:10     | Received a gift from Trog
 10030 | D:10     | Found a flagged portal.
 10039 | Bailey   | Entered a bailey
 10715 | D:10     | Found a staircase to the Orcish Mines.
 10717 | D:10     | Noticed a two-headed ogre
 10728 | D:10     | Killed a two-headed ogre
 10793 | D:10     | Noticed Erolcha
 10812 | D:10     | Paralysed by something for 2 turns
 10815 | D:10     | Killed Erolcha
 10815 | D:10     | Reached skill level 10 in Unarmed Combat
 11672 | D:10     | Killed an unseen horror
 11672 | D:10     | Reached skill level 11 in Fighting
 11994 | Lair:1   | Entered Level 1 of the Lair of Beasts
 12416 | D:6      | Bought a potion of mutation for 96 gold pieces
 12416 | D:6      | Bought 2 potions of mutation for 192 gold pieces
 12416 | D:6      | Bought 2 potions of haste for 240 gold pieces
 12418 | D:6      | Gained mutation: You have an increased reservoir of magic.
                  | (+10% MP) [potion of mutation]
 12418 | D:6      | Gained mutation: You have sharp toenails. [potion of
                  | mutation]
 12418 | D:6      | Gained mutation: Your spells are a little harder to cast,
                  | but a little more powerful. [potion of mutation]
 12419 | D:6      | Lost mutation: You have an increased reservoir of magic.
                  | (+10% MP) [potion of mutation]
 12419 | D:6      | Lost mutation: Your spells are a little harder to cast, but
                  | a little more powerful. [potion of mutation]
 12419 | D:6      | Lost mutation: You have sharp toenails. [potion of
                  | mutation]
 12419 | D:6      | Gained mutation: Your mind is acute. (Int +2) [potion of
                  | mutation]
 12419 | D:6      | Gained mutation: You have a pair of small horns on your
                  | head. [potion of mutation]
 12420 | D:6      | Lost mutation: You have a pair of small horns on your head.
                  | [potion of mutation]
 12420 | D:6      | Lost mutation: Your mind is acute. (Int +2) [potion of
                  | mutation]
 12420 | D:6      | Gained mutation: You occasionally shout uncontrollably at
                  | your foes. [potion of mutation]
 12420 | D:6      | Gained mutation: You are weak. (Str -2) [potion of
                  | mutation]
 12420 | D:6      | Gained mutation: You are frail. (-10% HP) [potion of
                  | mutation]
 12420 | D:6      | Gained mutation: Your system is resistant to poisons.
                  | (rPois) [potion of mutation]
 12421 | D:6      | Lost mutation: You are weak. (Str -2) [potion of mutation]
 12421 | D:6      | Lost mutation: You are frail. (-10% HP) [potion of
                  | mutation]
 12421 | D:6      | Gained mutation: Your flesh is heat resistant. (rF+)
                  | [potion of mutation]
 12421 | D:6      | Lost mutation: Your system is resistant to poisons. (rPois)
                  | [potion of mutation]
 12421 | D:6      | Gained mutation: You are agile. (Dex +2) [potion of
                  | mutation]
 12729 | Lair:1   | Got a smoking golden ring
 12903 | Lair:1   | Gained mutation: You regenerate health from kills. [demonic
                  | ancestry]
 12903 | Lair:1   | Reached XP level 12. HP: 100/100 MP: 12/12
 13264 | Lair:2   | Received a gift from Trog
 13542 | Lair:2   | Identified the ring of Seudoeku {rElec rPois rC+++ EV+5
                  | Str-4} (You found it on level 1 of the Lair of Beasts)
 14384 | Lair:3   | Found a staircase to the Shoals.
 14431 | Lair:3   | Noticed Urug
 14450 | Lair:3   | Killed Urug
 14626 | Lair:3   | Found a hole to the Spider Nest.
 14638 | Lair:3   | Reached skill level 12 in Fighting
 15390 | Lair:4   | Got jewelled ice dragon scales
 15393 | Lair:4   | Identified the cursed +1 ice dragon scales of Idic {rF-
                  | rC++ Int+4 SInv Stlth+} (You found it on level 4 of the
                  | Lair of Beasts)
 16142 | Lair:5   | Noticed a seven-headed hydra
 16158 | Lair:5   | Killed an 11-headed hydra
 16158 | Lair:5   | Reached skill level 1 in Evocations
 16566 | Lair:5   | Found a viscous altar of Jiyva.
 16567 | Lair:5   | Found a staircase to the Slime Pits.
 16973 | Lair:6   | Entered Level 6 of the Lair of Beasts
 17009 | Lair:6   | Reached XP level 13. HP: 109/109 MP: 14/14
 17016 | Lair:6   | Received a gift from Trog
 17580 | Lair:6   | Got a crude iron ring
 17611 | Lair:6   | Identified the ring "Bagom" {rN+ MP+9 Stlth+} (You found it
                  | on level 6 of the Lair of Beasts)
 19475 | D:11     | Reached skill level 10 in Dodging
 19480 | D:11     | Reached skill level 10 in Armour
 19573 | D:11     | Found a hide-covered altar of Uskayaw.
 19904 | D:12     | Received a gift from Trog
 19935 | D:12     | Reached skill level 13 in Fighting
 19943 | D:12     | Gained mutation: You are mostly covered in yellow scales.
                  | (AC +3) [demonic ancestry]
 19943 | D:12     | Reached XP level 14. HP: 118/118 MP: 17/17
 19999 | D:12     | Reached ****** piety under Trog
 20477 | Orc:1    | Entered Level 1 of the Orcish Mines
 20685 | Orc:2    | Entered Level 2 of the Orcish Mines
 20905 | Orc:1    | Received a gift from Trog
 21438 | Orc:2    | Reached skill level 5 in Evocations
 21455 | Orc:2    | Found a roughly hewn altar of Beogh.
 21829 | Orc:2    | Found Buigruf's Armour Emporium.
 21848 | Orc:2    | Found Ugida's Book Shoppe.
 22261 | Orc:2    | Received a gift from Trog
 22333 | Orc:2    | Found a staircase to the Elven Halls.
 22459 | Orc:2    | Found Basoarch's General Store.
 22476 | Orc:2    | Bought a scroll of teleportation for 42 gold pieces
 22476 | Orc:2    | Bought a scroll of blinking for 105 gold pieces
 22476 | Orc:2    | Bought a ration for 70 gold pieces
 22476 | Orc:2    | Bought a scroll of identify for 28 gold pieces
 22507 | Orc:2    | Noticed Josephine
 22509 | Orc:2    | Found a roughly hewn altar of Beogh.
 22509 | Orc:2    | Noticed an orc warlord
 22528 | Orc:2    | Killed an orc warlord
 22538 | Orc:2    | Killed Josephine
 22650 | Orc:2    | Found Zoramof's Food Emporium.
 23455 | Orc:2    | Bought a +2 cloak for 231 gold pieces
 23690 | D:13     | Received a gift from Trog
 23793 | D:13     | Found a frozen archway.
 23824 | IceCv    | Entered an ice cave
 24064 | IceCv    | Received a gift from Trog
 24094 | IceCv    | Reached XP level 15. HP: 77/125 MP: 19/19
 24255 | IceCv    | Found an ancient bone altar of Kikubaaqudgha.
 24608 | D:13     | Found Ugrufust's Distillery.
 24619 | D:13     | Bought a potion of curing for 54 gold pieces
 24619 | D:13     | Bought a potion of curing for 54 gold pieces
 24619 | D:13     | Bought a potion of haste for 180 gold pieces
 24619 | D:13     | Bought a potion of curing for 54 gold pieces
 24619 | D:13     | Bought a potion of heal wounds for 90 gold pieces
 24619 | D:13     | Bought 2 potions of curing for 108 gold pieces
 24619 | D:13     | Bought a potion of might for 72 gold pieces
 24807 | D:14     | Found a blossoming altar of Fedhas.
 25447 | D:14     | Received a gift from Trog
 25528 | D:14     | Found Vibyir's Distillery.
 25575 | D:14     | Bought a potion of agility for 56 gold pieces
 25575 | D:14     | Bought a potion of curing for 42 gold pieces
 25575 | D:14     | Bought a potion of resistance for 140 gold pieces
 25575 | D:14     | Bought 2 potions of heal wounds for 140 gold pieces
 25575 | D:14     | Bought a potion of might for 56 gold pieces
 25575 | D:14     | Bought a potion of resistance for 140 gold pieces
 25575 | D:14     | Bought a potion of curing for 42 gold pieces
 25759 | D:14     | Reached skill level 14 in Fighting
 25808 | D:14     | Received a gift from Trog
 25854 | D:14     | Found a gate to the Vaults.
 26785 | D:15     | Entered Level 15 of the Dungeon
 26813 | D:15     | Noticed Jorgrun
 26894 | D:15     | Killed Jorgrun
 27078 | D:15     | Noticed Louise
 27080 | D:15     | Cast into level 3 of the Abyss (Louise)
 27143 | Abyss:3  | Noticed a bone dragon
 27156 | Abyss:3  | Killed a bone dragon
 27258 | Abyss:3  | Noticed a Hell Sentinel
 27278 | Abyss:3  | Killed from afar by a Hell Sentinel

Levels and vault maps discovered:
D:1:      lemuel_arrival_river_bridge, layout_loops_cross
D:2:      layout_basic, uniq_sigmund
D:3:      layout_rooms, lemuel_crystal_altar, serial_glass, glass_columns_b,
          glass_columns_a, feat_on_display, feat_on_display,
          minmay_strange_pillars, minmay_snake_closets
D:4:      layout_cave_pods, first_ration
D:5:      layout_basic, minmay_fire_ice_demons
D:6:      layout_basic, nicolae_tso_besieged_by_evil,
          grunt_temple_overflow_open, serial_shops, shop,
          cheibrodos_sewer_entry_drain, minmay_crossroads
D:7:      layout_basic, minmay_temple_entry_butterflies, serial_shops,
          shop_fountains, the_bakery, nicolae_gozag_seed_capital,
          uniq_prince_ribbit1
D:8:      layout_basic, lemuel_doored_altar, nicolae_overflow_hidden_temple,
          erik_lair_orcish_takeover, uniq_grum, uniq_joseph, uniq_psyche
D:9:      layout_loops_ring, makhleb_grotto_becter, minmay_misc_feat_room
D:10:     layout_loops_ring, david_orc_2, enter_bailey_3,
          kennysheep_generic_room_11, uniq_erolcha
D:11:     layout_long_grid, basic_altar, minivault_27
D:12:     layout_basic
D:13:     layout_roguey, portal_ice_cave_entry_pillars_1, serial_shops,
          nicolae_shop_crystal
D:14:     layout_roguey, grunt_vaults_entry_tiered, serial_shops,
          nicolae_shop_waterfront, minmay_misc_feat_encased, fedhas_altar_2
D:15:     gammafunk_enter_depths_forms, layout_long_grid, roderic_lattice_a,
          serial_shops, shop, uniq_kirke, uniq_jorgrun, uniq_louise
Temple:   minmay_freezing_vapour_temple
Lair:1:   layout_regular_city
Lair:2:   layout_gridlike, special_room [special_room_bee], serial_bayou_pond_b
Lair:3:   layout_roguey, minmay_shoals_entry_centaurs,
          nicolae_spider_entry_non_spiders, beast_lair_carwin_5, uniq_urug
Lair:4:   layout_hall_layers
Lair:5:   layout_loops_ring, dpeg_slime_entry_enclosed_altar, bh_chokoban
Lair:6:   minmay_lair_end_frog_pond, layout_gridlike, guppyfry_lair_drakes
Orc:1:    layout_caves
Orc:2:    pubby_orc_utopia, uniq_josephine
Abyss:3:  base:
D:12

Skill      XL: |  1  2  3  4  5  6  7  8  9 10 11 12 13 14 15 |
---------------+----------------------------------------------+-----
Armour         | 2 3 4 5 6 7 8 10 11 | 11.8
Dodging        | 2 3 4 5 6 7 8 10 11 | 11.8
Unarmed Combat | 3 4 5 6 8 9 10 11 12 13 | 13.4
Fighting       | 4 5 6 7 8 10 11 12 13 14 | 14.4
Shields        | 3 4 |  4.0
Evocations     | 1 4 6 7 |  7.0

Action                   |  1- 3 |  4- 6 |  7- 9 | 10-12 | 13-15 || total
-------------------------+-------+-------+-------+-------+-------++-------
Melee: Unarmed           |   134 |   163 |   461 |   992 |  1953 ||  3703
       Punch             |     1 |     1 |     5 |    14 |       ||    21
Invok: Berserk           |       |     1 |     7 |     7 |    12 ||    27
       Trog's Hand       |       |       |     1 |       |     3 ||     4
Evoke: Wand              |       |       |       |     4 |    17 ||    21
  Use: Potion            |     3 |       |       |    13 |     9 ||    25
       Scroll            |       |     4 |     9 |    12 |     8 ||    33
  Eat: Chunk             |     1 |     4 |    21 |    29 |    37 ||    92
       Ration            |       |     1 |       |     2 |     5 ||     8
Armor: Chain mail        |    54 |   105 |   241 |       |       ||   400
       Animal skin       |     2 |       |       |       |       ||     2
       Scale mail        |       |       |    10 |   121 |       ||   131
       Crystal plate arm |       |       |       |   492 |  1235 ||  1727
Dodge: Dodged            |    47 |    98 |   224 |   388 |   963 ||  1720
Block: Other             |       |       |   103 |    53 |       ||   156
       Reflection        |       |       |     3 |    15 |    27 ||    45
       Buckler           |       |       |       |   446 |  1387 ||  1833
